 Dungeon Crawl Stone Soup version 0.31-a0-940-gdaa99269f9 (webtiles) character file.

Game seed: 8532830419494965751

484 gelatine the Ruffian (level 6, -4/46 HPs)
             Began as a Demonspawn Shapeshifter on Oct 20, 2023.
             Slain by a sleepcap (9 damage)
             ... on level 4 of the Dungeon.
             The game lasted 00:09:20 (3293 turns).

gelatine the Ruffian (Demonspawn Shapeshifter)      Turns: 3293, Time: 00:09:21

Health: -4/46      AC:  3    Str: 16    XL:     6   Next: 88%
Magic:  6/6        EV:  2    Int: 12    God:
Gold:   224        SH:  0    Dex: 12    Spells: 5/5 levels left

rFire   + .          .
                       - Unarmed
rCold   . . .        (no shield)
rNeg    . . .        m - +0 leather armour
rPois   .            (helmet currently unavailable)
rElec   .            (cloak currently unavailable)
rCorr   .            (gloves currently unavailable)
SInv    .            (boots currently unavailable)
Will    .....        (no amulet)
Stlth   +            k - ring of protection from fire
HPRegen 0.27/turn    (no ring)
MPRegen 0.10/turn

%: no passive effects
@: beast-form, sleeping
A: beast (slay +2), antennae 1, spiny 1
a: Begin Untransformation


You were on level 4 of the Dungeon.
You were a hulking beast.
You visited 1 branch of the dungeon, and saw 5 of its levels.

You collected 224 gold pieces.

Inventory:

Missiles
 s - 5 boomerangs
Armour
 a - a +0 animal skin
 i - a +0 scale mail
 m - a +0 leather armour (worn)
 q - a +0 helmet
Jewellery
 k - a ring of protection from fire (left hand)
Talismans
 c - a beast talisman (active)
 d - a flux talisman
Wands
 n - a wand of mindburst (8)
Scrolls
 h - a scroll of amnesia
 o - a scroll of teleportation
Potions
 b - 2 potions of lignification
 f - 2 potions of curing {unknown}
 g - 2 potions of magic
 l - a potion of degeneration
 u - a potion of mutation {unknown}
 v - 2 potions of enlightenment {unknown}


   Skills:
 * Level 2.7 Fighting
 + Level 1.9 Armour
 * Level 2.8 Dodging
 + Level 0.2 Stealth
 + Level 4.9 Unarmed Combat
 + Level 0.6 Evocations
 * Level 3.8 Shapeshifting


You had 5 spell levels left.
You didn't know any spells.
Your spell library was empty.

Dungeon Overview and Level Annotations

Branches:
Dungeon (5/15)
 Temple: D:4-7

Altars:
Ru

Annotations:
D:4 Dowan, Duvessa


Innate Abilities, Weirdness & Mutations

You are a hulking beast.
Your limbs bulge with bestial killing power. (Slay +2)
You have a pair of small antennae on your head.
You are partially covered in sharp spines.


Message History

The black bear bites you.
The black bear claws you but does no damage.
The black bear claws you.
You closely miss the black bear.
The black bear is heavily wounded.
The black bear bites you. The black bear barely misses you. x2
You punch the black bear!
The black bear is almost dead.
The black bear goes berserk!
You closely miss the black bear.
The black bear is almost dead.
The black bear is struck by your spines.
The black bear closely misses you. The black bear claws you. x2
* * * LOW HITPOINT WARNING * * *
You closely miss the black bear.
The black bear is almost dead.
The black bear is struck by your spines.
You kill the black bear!
You hit the sleepcap.
The sleepcap is moderately damaged.
The sleepcap is struck by your spines. The sleepcap releases spores at you.
* * * LOW HITPOINT WARNING * * *
You completely miss the sleepcap.
The sleepcap is moderately damaged.
The sleepcap barely misses you.
You hit the sleepcap.
The sleepcap is moderately damaged.
The sleepcap is struck by your spines.
The sleepcap releases spores at you but does no damage.
You punch the sleepcap!
The sleepcap is severely damaged.
The sleepcap closely misses you.
You hit the sleepcap.
The sleepcap is almost destroyed.
The sleepcap is struck by your spines. The sleepcap releases spores at you.
* * * LOW HITPOINT WARNING * * *
You are engulfed in a cloud of soporific spores!
You fall asleep.
The sleepcap is struck by your spines. The sleepcap releases spores at you!
You die...

*,* *,,,* *,**,* *,* *,***
*,**,* *,* *,* *,**,* *** *,*
*,**,* *,* *,**,* *,* *,**,*
*,* *,**,* *****,*#########
****,**,** *,,,,,,......)h#
**,**,**,,, * *****,*#######f#
*,,,,,,,,,, * *,* #.#
**,******** * *,* #.# *.# * *,*
#.# *.# * *,* #.# *.# *
*****,**######.#######.# ##
*,,,,,,..........rggh..#######.
*****,,#########.#.#.#.........


You could see a sleepcap.

Vanquished Creatures
  An ice beast (D:4)
  A black bear (D:4)
  An ogre (D:4)
  An orc priest (D:3)
  A sleepcap (D:4)
  Robin (D:2)
  3 gnolls (D:4)
  2 adders
  2 worms (D:2)
  2 dart slugs
  4 orcs (D:3)
  5 endoplasms
  4 giant cockroaches
  16 goblins
  12 hobgoblins
  7 jackals
  6 kobolds
  3 quokkas
  7 ball pythons
  5 bats
  2 frilled lizards
  5 rats
91 creatures vanquished.

Vanquished Creatures (others)
  An ufetubus (D:5)
1 creature vanquished.

Grand Total: 92 creatures vanquished

Notes
Turn   | Place    | Note
-------+----------+-------------------------------------------
     0 | D:1      | gelatine the Demonspawn Shapeshifter began the quest for
                  | the Orb.
     0 | D:1      | Reached XP level 1. HP: 15/15 MP: 1/1
   160 | D:1      | Found a faded altar of an unknown god.
   303 | D:1      | Gained mutation: You are partially covered in sharp spines.
                  | [demonic ancestry]
   303 | D:1      | Reached XP level 2. HP: 20/21 MP: 2/2
   341 | D:1      | Reached skill level 3 in Unarmed Combat
   997 | D:2      | Reached XP level 3. HP: 26/26 MP: 3/3
  1616 | D:2      | Noticed Robin
  1629 | D:2      | Reached XP level 4. HP: 31/32 MP: 4/4
  1633 | D:2      | Killed Robin
  1953 | D:3      | Reached skill level 4 in Unarmed Combat
  2226 | D:3      | Gained mutation: You have a pair of small antennae on your
                  | head. [demonic ancestry]
  2226 | D:3      | Reached XP level 5. HP: 32/38 MP: 5/5
  2652 | D:4      | Noticed an ogre
  2659 | D:4      | Killed an ogre
  2660 | D:4      | Reached skill level 1 in Armour
  2788 | D:4      | Reached XP level 6. HP: 43/44 MP: 6/6
  2795 | D:4      | Noticed Duvessa
  2795 | D:4      | Noticed Dowan
  2873 | D:4      | Noticed an ice beast
  2878 | D:4      | Killed an ice beast
  2914 | D:4      | Found a sacrificial altar of Ru.
  2963 | D:5      | Entered Level 5 of the Dungeon
  3293 | D:4      | Slain by a sleepcap

Illustrated notes

Levels and vault maps discovered:
D:1:      amcnicky_arrival_gap_in_the_tavern_cellar, layout_loops_ring,
          shapermc_ecumenical_altar_ellora
D:2:      layout_loops_corners, uniq_robin
D:3:      layout_loops_ring, roderic_three_in_a_row, minmay_cut_off
D:4:      layout_loops_ring, nicolae_ru_sacrificial_ziggurat, elyvilon_altar_3,
          uniq_duvessa
D:5:      layout_loops_corners, nicolae_uskayaw_en_pointe,
          mainiacjoe_overflow_boulevard, mainiacjoe_overflow_tiny_flanked,
          serial_shops, nicolae_shop_peninsula, lemuel_flamethrower_2,
          uniq_menkaure

Skill      XL: |  1  2  3  4  5 |
---------------+----------------+-----
Shapeshifting  | 3 |  3.8
Unarmed Combat | 3 4 |  4.9
Dodging        | 2 |  2.8
Fighting       | 2 |  2.7
Armour         | 1 |  1.9
Stealth        | |  0.2
Evocations     | |  0.6

Action                     |  1- 3 |  4- 6 || total
---------------------------+-------+-------++-------
  Melee: Unarmed           |    99 |   107 ||   206
         Punch             |     3 |     4 ||     7
  Evoke: Wand              |       |     3 ||     3
    Use: Scroll            |       |     9 ||     9
   Stab: Sleeping          |     1 |       ||     1
 Armour: Animal skin       |    17 |       ||    17
         Scale mail        |     7 |       ||     7
         Leather armour    |    19 |    81 ||   100
  Dodge: Dodged            |    43 |    51 ||    94

Table legend: (Time is in decaauts)
 A = Elapsed time spent in this place.
 B = Non-inter-level travel time spent in this place.
 C = Inter-level travel time spent in this place.
 D = Time resting spent in this place.
 E = Time spent auto-exploring this place.
 F = Levels seen in this place.
 G = Mean time per level.
                   A        B        C        D        E       F      G
               +--------+--------+--------+--------+--------+-----+--------+
         Total |   3279 |   3149 |    130 |      0 |   2450 |   5 |  655.8 |
       Dungeon |   3279 |   3149 |    130 |      0 |   2450 |   5 |  655.8 |
               +--------+--------+--------+--------+--------+-----+--------+

Top non-repeatable levels by time:
     D:1: 981 daAuts
     D:2: 919 daAuts
     D:3: 776 daAuts
     D:4: 305 daAuts
     D:5: 296 daAuts
